 Dungeon Sprint DCSS version 0.20.1-1-g8b1a95d (webtiles) character file.

160 JustSomeDude the Covert (level 5, -21/42 HPs)
             Began as a Formicid Assassin on Aug 26, 2017.
             Was an Initiate of Dithmenos.
             Demolished by an ogre
             ... wielding a +0 giant spiked club
              (30 damage)
             ... in the Dungeon (Sprint I: "Red Sonja").
             The game lasted 00:01:48 (424 turns).

JustSomeDude the Covert (Formicid Assassin)          Turns: 424, Time: 00:01:48

Health: -21/42     AC:  3    Str: 15    XL:     5   Next: 69%
Magic:  5/5        EV: 12    Int: 11    God:    Dithmenos [......]
Gold:   0          SH:  0    Dex: 13    Spells: 4/4 levels left

rFire    . . .     SeeInvis +   a - +2 dagger
rCold    . . .     Gourm    .   (no shield)
rNeg     . . .     Faith    .   c - +0 robe
rPois    .         Spirit   .   (helmet unavailable)
rElec    .         Reflect  .   d - +0 cloak
rCorr    .         Harm     .   (no gloves)
MR       .....                  (no boots)
Stlth    +++++.....             (no amulet)
Regen    0.2/turn               (no ring)
MPRegen  0.1/turn               (no ring)

@: no status effects
A: permanent stasis, dig shafts and tunnels, four strong arms, antennae 3
a: Dig, Renounce Religion


You were in the Dungeon.
You worshipped Dithmenos.
Dithmenos was noncommittal.
You were not hungry.

You visited 1 branch

Inventory:

Hand Weapons
 a - a +2 dagger (weapon)
 b - a +0 blowgun
Missiles
 e - 8 poisoned needles
Armour
 c - a +0 robe (worn)
 d - a +0 cloak (worn)
Scrolls
 m - a scroll of blinking
Potions
 h - a potion of curing
 j - a potion of haste
 k - 2 potions of magic
 l - a potion of berserk rage
Comestibles
 g - a bread ration


   Skills:
 + Level 3.8 Fighting
 + Level 3.7 Short Blades
 + Level 4.6 Throwing
 + Level 1.9 Dodging
 + Level 11.6 Stealth


You had 4 spell levels left.
You didn't know any spells.

Dungeon Overview and Level Annotations

Branches:
Dungeon (1/1)

Altars:
Cheibriados
Dithmenos
Elyvilon
Fedhas
Gozag
Hepliaklqana
Kikubaaqudgha
Nemelex Xobeh
Okawaru
Qazlal
Ru
Trog
Uskayaw
Yredelemnul
Zin
The Shining One

Shops:
D ?


Innate Abilities, Weirdness & Mutations

You cannot be hasted, slowed, berserked, paralysed or teleported.
You can dig through walls and to a lower floor.
Your four strong arms can wield two-handed weapons with a shield.
You have a pair of large antennae on your head. (SInv)


Message History

The ogre is moderately wounded.
You hit the ogre.
The ogre is heavily wounded.
The ogre closely misses you.
You hit the ogre.
The ogre is heavily wounded.
Okay, then.
You barely miss the ogre.
The ogre is heavily wounded.
The ogre barely misses you.
You hit the ogre.
The ogre is severely wounded.
The ogre misses you.
You hit the ogre.
The ogre is severely wounded.
You hit the ogre.
The ogre is almost dead.
The ogre hits you with a giant spiked club!!
Ouch! That really hurt!
You die...

##########
#<.#..'.(#
{
#..'[.#..+
#..#####+#
#..####
#..#__####
#...__O@_##
#⌠⌠#_.∩...+
####_..__##
{ #_____#
####### { {
{ {


You could see an ogre.

Vanquished Creatures
  A yak (D)
  Ijyb (D)
2 creatures vanquished.

Notes
Turn   | Place    | Note
-------+----------+-------------------------------------------
     0 | D        | JustSomeDude the Formicid Assassin began the quest for the Orb.
     0 | D        | Reached XP level 1. HP: 16/16 MP: 1/1
     6 | D        | Found a glowing golden altar of the Shining One.
     6 | D        | Found an iron altar of Okawaru.
     6 | D        | Found a bloodstained altar of Trog.
     6 | D        | Found a blossoming altar of Fedhas.
     6 | D        | Found a stormy altar of Qazlal.
     6 | D        | Found an ancient bone altar of Kikubaaqudgha.
     6 | D        | Found a white marble altar of Elyvilon.
     6 | D        | Found a glowing silver altar of Zin.
     6 | D        | Found Fehableumm's Magic Scroll Emporium.
     6 | D        | Found a basalt altar of Yredelemnul.
     6 | D        | Found a hide-covered altar of Uskayaw.
     6 | D        | Found a hazy altar of Hepliaklqana.
     6 | D        | Found a shadowy altar of Dithmenos.
     6 | D        | Found a sacrificial altar of Ru.
     6 | D        | Found a snail-covered altar of Cheibriados.
     6 | D        | Found an opulent altar of Gozag.
     6 | D        | Found a sparkling altar of Nemelex Xobeh.
     6 | D        | Noticed a yak
    27 | D        | Killed a yak
    27 | D        | Reached skill level 1 in Dodging
    27 | D        | Reached skill level 11 in Stealth
    27 | D        | Reached XP level 2. HP: 7/24 MP: 2/2
    27 | D        | Reached XP level 3. HP: 9/29 MP: 3/3
    27 | D        | Reached XP level 4. HP: 11/36 MP: 4/4
    27 | D        | Reached XP level 5. HP: 13/41 MP: 5/5
    33 | D        | Became a worshipper of Dithmenos the Shadowed
   261 | D        | Noticed Ijyb
   298 | D        | Killed Ijyb
   397 | D        | Noticed an ogre
   424 | D        | Demolished by an ogre

Skill      XL: |  1 |
---------------+----+-----
Fighting       | 3 |  3.8
Short Blades   | 3 |  3.7
Throwing       | 4 |  4.6
Dodging        | 1 |  1.9
Stealth        | 11 | 11.6

Action                   |  1- 3 |  4- 6 || total
-------------------------+-------+-------++-------
Melee: Dagger            |    11 |    46 ||    57
 Fire: Blowgun           |     6 |     2 ||     8
 Abil: Dig               |     1 |       ||     1
  Use: Potion            |       |     1 ||     1
Armor: Robe              |       |     9 ||     9
Dodge: Dodged            |     5 |    18 ||    23
